 Dungeon Crawl Stone Soup version 0.30-a0-305-g026cb31310 (webtiles) character file.

Game seed: 3194499946661652063

103 MrRokkomies the Cudgeller (level 4, -6/39 HPs)
             Began as an Armataur Gladiator on Oct 23, 2022.
             Mangled by Sigmund
             ... wielding a +0 scythe
              (9 damage)
             ... on level 3 of the Dungeon.
             The game lasted 00:07:49 (1942 turns).

MrRokkomies the Cudgeller (Armataur Gladiator)      Turns: 1942, Time: 00:07:49

Health: -6/39      AC: 10    Str: 21    XL:     4   Next: 51%
Magic:  4/4        EV:  4    Int:  8    God:
Gold:   21         SH:  0    Dex: 12    Spells: 3/3 levels left

rFire   . . .      SeeInvis .    a - +0 flail
rCold   . . .      Faith    .    (no shield)
rNeg    . . .      Spirit   .    j - +0 plate armour
rPois   .          Reflect  .    c - +0 helmet
rElec   .          Harm     .    f - +0 cloak
rCorr   .          Roll     +    (no gloves)
Will    .....                    (no barding)
Stlth   ..........               (no amulet)
HPRegen 0.26/turn                (no ring)
MPRegen 0.09/turn                (no ring)

@: confused, on berserk cooldown, slowed, very slow
A: large, rugged brown scales 3, deformed body, armoured tail, roll, long
tongue, awkward tongue
a: no special abilities


You were on level 3 of the Dungeon.
You visited 1 branch of the dungeon, and saw 3 of its levels.

You collected 142 gold pieces.
You spent 121 gold pieces at shops.

Inventory:

Hand Weapons
 a - a +0 flail (weapon)
Missiles
 d - 4 throwing nets (quivered)
 e - a javelin
 i - 2 poisoned darts
 m - 3 boomerangs
Armour
 b - a +0 leather armour
 c - a +0 helmet (worn)
 f - a +0 cloak (worn)
 j - a +0 plate armour (worn)
Wands
 k - a wand of charming (3)
Scrolls
 l - a scroll of noise {unknown}
Potions
 g - a potion of cancellation {unknown}
 h - 2 potions of mutation {unknown}
 n - a potion of heal wounds
 o - a potion of might {unknown}
 q - 2 potions of curing
 r - a potion of lignification {unknown}
 s - a potion of flight {unknown}


   Skills:
 * Level 2.8 Fighting
 * Level 3.6 Maces & Flails
 - Level 1.7 Throwing
 + Level 1.7 Armour
 + Level 2.5 Dodging


You had 3 spell levels left.
You didn't know any spells.
Your spell library contained the following spells:

 Spells                   Type           Power      Damage    Failure   Level
 Kiss of Death            Conj/Necr      0%         2d5       100%        1
 Sublimation of Blood     Necr           0%         N/A       100%        2
 Wereblood                Tmut           0%         N/A       100%        2
 Confusing Touch          Hex            0%         N/A       100%        3
 Inner Flame              Hex/Fire       0%         N/A       100%        3
 Cause Fear               Hex            0%         N/A       100%        4
 Dispel Undead            Necr           0%         3d6       100%        4
 Summon Hydra             Summ           0%         N/A       100%        7
 Discord                  Hex            0%         N/A       100%        8


Dungeon Overview and Level Annotations

Branches:
Dungeon (3/15)

Altars:
Dithmenos
Makhleb

Shops:
D:2 :(!

Annotations:
D:3 Robin, Sigmund


Innate Abilities, Weirdness & Mutations

You are completely covered in rugged brown scales. (AC +3, +7% HP)
Armour fits poorly on your strangely shaped body.
You have a long armoured tail.
You roll when moving toward enemies. (Rampage)
Your long tongue fully drains potion bottles. (2x potion effects)
Your tongue gives you trouble enunciating. (1.5x scroll delay)


Message History

You closely miss something. You tail-slap something!
Something hits you but does no damage. Ijyb hits you with a +0 club.
* * * LOW HITPOINT WARNING * * *
You closely miss something.
Your tail-slap misses something.
You barely miss something.
Your tail-slap misses something.
The kobold throws a stone.
The stone barely misses you. Ijyb completely misses you. Something hits you.
* * * LOW HITPOINT WARNING * * *
You miss something.
The kobold throws a stone.
Ijyb hits you but does no damage. Something hits you but does no damage.
You barely miss something.
Your tail-slap misses something.
The kobold throws a stone.
Ijyb zaps a wand.
The puff of flame hits you!
* * * LOW HITPOINT WARNING * * *
You hit Ijyb but do no damage.
Ijyb is moderately wounded.
Ijyb hits you but does no damage. Something hits you but does no damage.
You barely miss Ijyb.
Ijyb is moderately wounded.
Ijyb hits you but does no damage.
You sock Ijyb!
You kill Ijyb!
Something hits you.
* * * LOW HITPOINT WARNING * * *
You barely miss something. You miss something. Something hits you.
* * * LOW HITPOINT WARNING * * *
You hit something.
The kobold throws a stone.
You miss something.
You hear some strange, mumbled words.
Something tries to affect you, but you resist.
You barely miss something.
You hear some strange, mumbled words.
You are confused.
You are too berserk!
You bump into the stone wall.
You feel a strong urge to attack something.
You are no longer berserk.
You are exhausted.
You feel yourself slow down. Something hits you!
You die...

#...### . . .
##.#.#?#.#... # .$#
....#.#.. ...#
..#.....$. #.## ...##.##
....### .
###.#...#.###...## ...
#!.){K†.....#.#..#
.....###)#...#^###..o.##
#...@.##.##....§....#
##.#.........#.#.#...
#.....#.#.....#...≈≈
###.#.#$#.#.####....
#...###..(# #..8. ###..
..## ##... #.#.# #.≈≈
... #... .. #...


You could see a kobold.

Vanquished Creatures
  Ijyb (D:3)
  3 adders
  A worm (D:3)
  An orc (D:3)
  6 endoplasms
  2 giant cockroaches (D:1)
  11 goblins
  A hobgoblin (D:2)
  2 jackals (D:2)
  3 kobolds
  4 ball pythons
  5 bats
  2 frilled lizards (D:1)
  5 rats
47 creatures vanquished.

Notes
Turn   | Place    | Note
-------+----------+-------------------------------------------
     0 | D:1      | MrRokkomies the Armataur Gladiator began the quest for the
                  | Orb.
     0 | D:1      | Reached XP level 1. HP: 18/18 MP: 1/1
     2 | D:1      | Noticed a naga
     2 | D:1      | Noticed a demigod
     4 | D:1      | Noticed a vine stalker
     4 | D:1      | Noticed a troll
     6 | D:1      | Noticed a merfolk
     6 | D:1      | Noticed a meteoran
     8 | D:1      | Noticed a draconian
     8 | D:1      | Noticed a ghoul
    10 | D:1      | Noticed an octopode
    12 | D:1      | Noticed a formicid
    12 | D:1      | Noticed a spriggan
    14 | D:1      | Noticed an armataur
    16 | D:1      | Noticed a minotaur
    18 | D:1      | Noticed a human
    18 | D:1      | Noticed an ogre
    20 | D:1      | Noticed a vampire
    20 | D:1      | Noticed a demonspawn
    22 | D:1      | Noticed a felid
    22 | D:1      | Noticed a gargoyle
    24 | D:1      | Noticed a tengu
    24 | D:1      | Noticed a gargoyle
    26 | D:1      | Noticed a merfolk
    26 | D:1      | Noticed a felid
   167 | D:1      | Found a faded altar of an unknown god.
   623 | D:1      | Reached XP level 2. HP: 22/25 MP: 2/2
   868 | D:2      | Reached skill level 3 in Maces & Flails
   918 | D:2      | Found a shadowy altar of Dithmenos.
   950 | D:2      | Reached skill level 1 in Armour
   957 | D:2      | Found Selevvi's Weapon Shoppe.
  1096 | D:2      | Reached XP level 3. HP: 31/32 MP: 3/3
  1360 | D:2      | Found Acauso's Distillery.
  1527 | D:2      | Found Aroamit's Book Boutique.
  1670 | D:2      | Bought a potion of berserk rage for 55 gold pieces
  1670 | D:2      | Bought a potion of curing for 33 gold pieces
  1670 | D:2      | Bought a potion of curing for 33 gold pieces
  1713 | D:3      | Noticed Robin
  1847 | D:3      | Found a burning altar of Makhleb.
  1900 | D:3      | Noticed Sigmund
  1909 | D:3      | Noticed Ijyb
  1918 | D:3      | Reached XP level 4. HP: 23/39 MP: 4/4
  1935 | D:3      | Killed Ijyb
  1942 | D:3      | Mangled by Sigmund

Illustrated notes

Levels and vault maps discovered:
D:1:      kb_arrival_jail, layout_basic, ebering_ecumenical_altar_mist,
          minmay_misc_feat_more_columns
D:2:      layout_loops_corners, basic_altar, serial_shops,
          nicolae_shop_window_shopping, shop, nicolae_shop_waterfront
D:3:      layout_rooms, mainiacjoe_overflow_catwalk,
          mainiacjoe_overflow_six_doors_small, mainiacjoe_overflow_alcove_2,
          minmay_fractal_squares_5, uniq_robin, uniq_sigmund, uniq_ijyb

Skill      XL: |  1  2 |
---------------+-------+-----
Fighting       | 2 |  2.8
Maces & Flails | 3 |  3.6
Armour         | 1 |  1.7
Throwing       | |  1.7
Dodging        | |  2.5

Action                   |  1- 3 |  4- 6 || total
-------------------------+-------+-------++-------
Melee: Flail             |   107 |    23 ||   130
       Tailslap          |     9 |     3 ||    12
       Punch             |     1 |       ||     1
  Use: Scroll            |     2 |       ||     2
       Potion            |     2 |       ||     2
Armor: Leather armour    |    13 |       ||    13
       Plate armour      |    69 |    14 ||    83
Dodge: Dodged            |    28 |     2 ||    30

Table legend: (Time is in decaauts)
 A = Elapsed time spent in this place.
 B = Non-inter-level travel time spent in this place.
 C = Inter-level travel time spent in this place.
 D = Time resting spent in this place.
 E = Time spent auto-exploring this place.
 F = Levels seen in this place.
 G = Mean time per level.
                   A        B        C        D        E       F      G
               +--------+--------+--------+--------+--------+-----+--------+
         Total |   1964 |   1915 |     49 |      0 |   1572 |   3 |  654.7 |
       Dungeon |   1964 |   1915 |     49 |      0 |   1572 |   3 |  654.7 |
               +--------+--------+--------+--------+--------+-----+--------+

Top non-repeatable levels by time:
     D:2: 902 daAuts
     D:1: 861 daAuts
     D:3: 201 daAuts
